 Dungeon Crawl Stone Soup version 0.19-a0-675-gf8984cf (webtiles) character file.

318470 mopl the Brawler (level 21, 0/202 HPs)
             Began as a Naga Transmuter on June 16, 2016.
             Was the Champion of Cheibriados.
             Killed by vampiric draining
             ... invoked by a deep elf death mage
              (19 damage)
             ... on level 3 of the Elven Halls.
             The game lasted 02:32:42 (36989 turns).

mopl the Brawler (Naga Transmuter)                 Turns: 36989, Time: 02:32:43

Health: 0/202      AC: 28    Str: 29    XL:     21   Next: 45%
Magic:  18/30      EV: 16    Int: 33    God:    Cheibriados [******]
Gold:   1629       SH:  3    Dex: 26    Spells: 8 memorised, 6 levels left

rFire  + + .     SeeInvis +       - Unarmed
rCold  + . .     Gourm    .     k - +0 fire dragon armour
rNeg   . . .     Faith    .     (shield currently unavailable)
rPois  +         Spirit   .     L - +1 helmet
rElec  .         Dismiss  .     A - +1 cloak {MR+}
rCorr  .         Reflect  +     (gloves currently unavailable)
SustAt .         Harm     .     q - +1 naga barding {rC+}
MR     +++++                    J - amulet "Maroacex" {Reflect +Inv rC+ SH+3}
Stlth  +++++++...               G - +4 ring of protection
                                m - ring "Opagh" {+Fly MR++ Int-5 SInv Stlth+}

@: blade hands (expiring), repel missiles, very slow, almost entirely resistant
to hostile enchantments, extremely stealthy
A: see invisible, deformed body, poison resistance, slowness 2, slow metabolism
1, spit poison 2, constrict 1, AC +7
a: Spit Poison, End Transformation, Bend Time, Temporal Distortion, Slouch, Step
From Time, Renounce Religion, Evoke Invisibility, Evoke Flight
}: 2/15 runes: barnacled, gossamer


You were on level 3 of the Elven Halls.
You worshipped Cheibriados.
Cheibriados was exalted by your worship.
You were hungry.
You had blades for hands.
You visited 6 branches of the dungeon, and saw 34 of its levels.
You also visited: Labyrinth, Ice Cave and Volcano.

You collected 4055 gold pieces.
You spent 2426 gold pieces at shops.

Inventory:

Missiles
 a - 1241 arrows
 h - 16 poisoned needles
 S - 63 javelins (quivered)
Armour
 k - a +0 fire dragon armour (worn)
 p - a +0 pair of gloves (melded)
 q - a +1 naga barding of cold resistance (worn)
 A - a +1 cloak of magic resistance (worn)
 F - a +0 shield of reflection (melded)
 L - a +1 helmet (worn)
Rods
 P - a +6 rod of clouds (13/13) {!a}
   (You found it in a labyrinth)
 V - a +2 rod of inaccuracy (13/13) {!a}
   (You found it on level 7 of the Dungeon)
 Z - a +8 rod of ignition (10/10) {!a}
   (You found it in a labyrinth)
Jewellery
 c - an uncursed ring of sustain attributes
 e - an uncursed ring of resist corrosion
 m - the ring "Opagh" (left scythe-like blade) {+Fly MR++ Int-5 SInv Stlth+}
   (You found it on level 4 of the Shoals)

   [ring of flight]

   It affects your intelligence (-5).
   It affects your resistance to hostile enchantments.
   It lets you see invisible.
   It lets you fly.
   It makes you more stealthy.
 u - an uncursed ring of positive energy
 G - a +4 ring of protection (right scythe-like blade)
 J - the amulet "Maroacex" (around neck) {Reflect +Inv rC+ SH+3}
   (You took it off a deep elf archer on level 13 of the Dungeon)

   [amulet of reflection]

   It shields you and reflects attacks.
   It protects you from cold.
   It lets you turn invisible.
   It affects your SH (+3).
Wands
 i - a wand of heal wounds (9/9)
 o - a wand of disintegration (14/24)
 x - a wand of confusion (15/48)
 z - a wand of iceblast (4/15)
 B - a wand of acid (8/15)
 K - a wand of digging (14/24)
 Q - a wand of paralysis (16/24)
Scrolls
 f - 3 scrolls of blinking
 g - 20 scrolls of remove curse
 r - 7 scrolls of fog
 s - 5 scrolls of teleportation
 t - 3 scrolls of identify
 y - 2 scrolls of fear
 M - a scroll of immolation
 R - a scroll of silence {!r}
 W - 3 scrolls of magic mapping
Potions
 b - 8 potions of heal wounds {!q}
 j - 3 potions of cancellation
 n - 2 potions of ambrosia
 v - a potion of might
 w - a potion of brilliance
 D - 2 potions of resistance {volcano, unknown}
 H - 8 potions of agility
 I - 2 potions of magic
 X - 12 potions of curing
 Y - 2 potions of invisibility
Books
 T - a book of Dreams

   Spells                             Type                      Level
   a - Ensorcelled Hibernation        Hexes/Ice                    2
   b - Silence                        Hexes/Air                    5
   c - Darkness                       Hexes                        6
   d - Shadow Creatures               Summoning                    6
Miscellaneous
 l - a fan of gales
 E - a lamp of fire
 N - a phial of floods
 O - a box of beasts
 U - a sack of spiders
Comestibles
 d - 18 bread rations
 C - a royal jelly


   Skills:
 + Level 15.5 Fighting
 - Level 8.8 Throwing
 + Level 7.3 Armour
 + Level 12.0 Dodging
 - Level 15.0 Stealth
 + Level 5.7 Shields
 + Level 18.5 Unarmed Combat
 - Level 3.0 Spellcasting
 - Level 3.0 Charms
 + Level 10.5 Transmutations
 - Level 3.0 Ice Magic
 - Level 3.0 Air Magic
 - Level 3.0 Poison Magic
 - Level 13.0 Invocations
 - Level 10.0 Evocations


You had 6 spell levels left.
You knew the following spells:

 Your Spells              Type           Power        Failure   Level  Hunger
a - Beastly Appendage     Tmut           ######       10%         1    None
b - Spider Form           Tmut/Pois      #####.....   24%         3    ##.....
c - Blade Hands           Tmut           ######....   36%         5    #####..
d - Ice Form              Ice/Tmut       #####...     45%         4    ####...
i - Repel Missiles        Chrm/Air       ###...       41%         2    None
n - Summon Butterflies    Summ           #.......     54%         1    None
p - Passwall              Tmut/Erth      #####.....   21%         2    None
w - Sticks to Snakes      Tmut           ######..     12%         2    None


Dungeon Overview and Level Annotations

Branches:
Dungeon (15/15)            Temple (0/1) D:7            Lair (6/6) D:10
 Shoals (4/4) Lair:3       Spider (4/4) Lair:4        Slime (0/5) Lair:6
    Orc (2/2) D:9             Elf (3/3) Orc:2        Vaults (0/5) D:13
 Depths (0/5) D:15

Altars:
Ashenzari
Cheibriados
Dithmenos
Elyvilon
Fedhas
Gozag
Nemelex Xobeh
Okawaru
Pakellas
Qazlal
Sif Muna
Vehumet
Xom
Yredelemnul
Zin
The Shining One
Beogh

Shops:
D:7 *   D:9 [(   Orc:2 !:(*[   Elf:1 :(   Shoals:2 (

Portals:
Trove: Elf:2 (give 11 potions of heal wounds)

Annotations:
Elf:2 5 runed doors


Innate Abilities, Weirdness & Mutations

You cannot wear boots.
Your serpentine skin is tough. (AC +7)
You have supernaturally acute eyesight. (SInv)
Armour fits poorly on your strangely shaped body.
Your system is resistant to poisons. (rPois)
You cover ground very slowly.
You have a slow metabolism.
You can spit poison.
You can use your snake-like lower body to constrict enemies.


Message History

You kill the deep elf elementalist!
Cheibriados thoroughly appreciates the change of pace.
You kill the deep elf sorcerer!
Cheibriados thoroughly appreciates the change of pace.
You kill the deep elf high priest!
Cheibriados thoroughly appreciates the change of pace.
You kill the deep elf high priest!
Cheibriados appreciates the change of pace.
Your life force feels restored.
The halberd of distortion falls from the air.
Cheibriados thoroughly appreciates the change of pace.
You kill the deep elf archer!
Cheibriados thoroughly appreciates the change of pace.
You are feeling hungry.
The ghostly deep elf sorcerer mumbles some strange words.
The ghostly deep elf sorcerer seems to speed up.
The deep elf elementalist gestures wildly while chanting.
The deep elf elementalist seems to speed up.
The deep elf death mage is infused with unholy energy.
You die...

#.e#.E# #..####
#.. #e. ######
#..##....###
#..#.......###
.e)..........##
).)..)..)e.)...
#..ee@eee..).
#.#...e..)...
###......##
##.....##
....... .......
....... .....##


You could see a deep elf master archer, a deep elf annihilator, 3 deep elf death
magi, a deep elf sorcerer, a ghostly deep elf sorcerer and a deep elf
elementalist.

Vanquished Creatures
  Nikola (Spider:3)
  Arachne (Spider:2)
  Rupert (Lair:6)
  4 krakens
  Polyphemus (Shoals:2)
  An acid blob (Lair:6)
  Roxanne (Spider:2)
  Ilsuiw (Shoals:4)
  The ghost of tstbtto the Severer, an adept CeBe of Trog (Spider:4)
  Donald (Shoals:4)
  3 deep elf sorcerers (Elf:3)
  An azure jelly (Lair:6)
  Louise (D:14)
  A frost giant (IceCv)
  Maud (D:13)
  8 emperor scorpions
  5 ghost moths
  An orc warlord (Orc:1)
  3 deep elf elementalists
  Nessos (Lair:5)
  The ghost of tstbtto the Cleaver, a journeyman CeBe of Trog (Lair:4)
  4 spark wasps
  7 merfolk javelineers
  A minotaur (Lab)
  5 death oozes (Lair:6)
  10 merfolk impalers
  Josephine (Lair:4)
  3 deep elf high priests
  5 great orbs of eyes (Lair:6)
  4 deep elf death magi
  5 entropy weavers
  13 hydras
  A vault guard (D:13)
  5 centaur warriors
  2 catoblepae
  2 death knights
  4 satyrs
  An alligator snapping turtle (Shoals:4)
  4 merfolk avatars
  16 dancing weapons
  20 death yaks
  8 merfolk aquamancers
  A vampire mage (D:15)
  2 tengu warriors
  7 orc high priests
  7 skeletal warriors
  The ghost of tstbtto the Cleaver, a novice CeBe of Trog (D:8)
  15 deep elf knights
  A golden dragon zombie (D:15)
  5 unseen horrors
  5 hill giants
  An unseen horror (shapeshifter) (Elf:2)
  13 sea snakes
  13 deep elf archers
  4 harpies (Shoals:3)
  A phantasmal warrior (D:11)
  A wolf spider zombie (D:13)
  A necromancer (D:15)
  16 griffons
  4 orc knights
  10 hornets
  26 fauns
  21 orb spiders
  4 orc sorcerers
  12 ugly things
  38 deep elf magi
  12 manticores
  A hornet (shapeshifter) (D:13)
  37 wolf spiders
  A stone giant zombie (D:15)
  Maurice (Orc:1)
  2 black mambas
  12 sirens
  5 cyclopes
  4 centaur zombies
  4 moths of wrath
  A molten gargoyle (Volcano)
  6 water nymphs
  An ice statue (IceCv)
  12 spiny frogs
  2 gargoyles
  Joseph (D:9)
  Psyche (D:8)
  5 torpor snails
  A spriggan skeleton (D:15)
  3 freezing wraiths
  2 tengu conjurers
  11 demonic crawlers
  5 rime drakes
  A yaktaur (shapeshifter) (D:14)
  A komodo dragon (shapeshifter) (D:15)
  11 komodo dragons
  A guardian mummy (D:15)
  A spriggan druid (Lair:6)
  2 minotaur zombies (Lab)
  11 trolls
  41 merfolk
  32 jumping spiders
  21 polar bears
  4 wind drakes
  Grinder (D:5)
  A queen bee (D:15)
  4 boulder beetles
  3 meliai (D:15)
  10 snapping turtles
  5 slime creatures (D:13)
  A harpy skeleton (D:15)
  An ice dragon zombie (D:15)
  24 blink frogs
  A meliai zombie (D:14)
  2 air elementals (Elf:1)
  19 water elementals
  3 shadows
  114 redbacks
  Sigmund (D:5)
  24 tarantellas
  6 wraiths
  11 spriggans
  A hog (shapeshifter) (Elf:1)
  7 basilisks
  3 fire bats (Lair:4)
  A vampire (D:14)
  5 wyverns
  38 yaks
  8 fire elementals
  Eustachio (D:4)
  Grum (D:8)
  18 hippogriffs
  6 vampire mosquitoes
  3 hungry ghosts
  A mottled dragon (D:11)
  4 wargs
  2 soldier ants
  Edmund (D:5)
  16 water moccasins
  2 hell hounds (D:10)
  13 porcupines
  6 sky beasts
  36 orc warriors
  6 wasps
  An eye of draining (D:11)
  3 ice beasts
  9 black bears
  20 ogres
  A phantom (D:13)
  3 boggarts (D:14)
  A necrophage (D:7)
  27 centaurs
  55 wolves
  16 crocodiles
  6 big kobolds
  16 giant frogs
  An earth elemental (Elf:1)
  A wyvern zombie (D:9)
  A water moccasin zombie (D:5)
  2 scorpions
  21 killer bees
  9 wights
  10 howler monkeys
  4 electric eels
  12 crimson imps
  2 quasits
  A wasp zombie (D:12)
  A giant frog skeleton (D:13)
  8 hounds
  11 jellies
  27 orc priests
  A gnoll shaman (D:7)
  Crazy Yiuf (D:5)
  6 centaur skeletons
  Ijyb (D:2)
  7 iguanas
  Natasha (thrice) (D:4)
  35 orc wizards
  11 worker ants
  19 sheep
  3 hound skeletons
  2 worker ant zombies
  A howler monkey skeleton (D:11)
  26 adders
  8 gnolls
  83 river rats
  4 shadow imps
  10 oozes
  2 adder skeletons
  A dart slug (D:3)
  6 giant geckos
  111 orcs
  2 ball pythons
  7 giant cockroaches
  13 goblins
  10 hobgoblins
  15 jackals
  29 kobolds
  7 quokkas
  11 bats
  A giant cockroach zombie (D:5)
  3 giant newts
  A quokka skeleton (D:9)
  9 rats
  2 plants (Shoals:4)
  8 tentacles
1763 creatures vanquished.

Vanquished Creatures (collateral kills)
  An oklob plant (Lair:6)
  A fungus (Lair:6)
2 creatures vanquished.

Vanquished Creatures (others)
  A merfolk javelineer (Shoals:4)
  2 satyrs
  A deep elf archer (Elf:2)
  4 deep elf magi
  A polar bear (IceCv)
  3 yaks (IceCv)
  A wolf (IceCv)
  15 fungi
  7 plants
  28 tentacles
  552 tentacle segments
615 creatures vanquished.

Grand Total: 2380 creatures vanquished

Notes
Turn   | Place    | Note
--------------------------------------------------------------
     0 | D:1      | mopl the Naga Transmuter began the quest for the Orb.
     0 | D:1      | Reached XP level 1. HP: 18/18 MP: 3/3
   310 | D:1      | Reached XP level 2. HP: 25/25 MP: 5/5
   517 | D:1      | Learned a level 2 spell: Sticks to Snakes
   543 | D:1      | Reached XP level 3. HP: 28/31 MP: 6/6
   548 | D:1      | Learned a level 3 spell: Spider Form
  1020 | D:2      | Reached skill level 4 in Unarmed Combat
  1177 | D:2      | Found a basalt altar of Yredelemnul.
  1334 | D:2      | Reached skill level 1 in Poison Magic
  1360 | D:2      | Reached XP level 4. HP: 38/38 MP: 7/7
  1399 | D:2      | Found a radiant altar of Vehumet.
  1649 | D:2      | Noticed Ijyb
  1662 | D:2      | Killed Ijyb
  1662 | D:2      | Reached skill level 3 in Transmutations
  1662 | D:2      | Reached skill level 2 in Poison Magic
  1662 | D:2      | Reached XP level 5. HP: 26/44 MP: 4/8
  1809 | D:2      | HP: 3/66 [poisoned by an adder]
  1816 | D:2      | HP: 3/66 [poisoned by an adder]
  1824 | D:2      | HP: 3/66 [poisoned by an adder]
  2231 | D:2      | Found a shattered altar of Ashenzari.
  2231 | D:2      | Found a stormy altar of Qazlal.
  2232 | D:2      | Found an opulent altar of Gozag.
  2232 | D:2      | Found a blossoming altar of Fedhas.
  2599 | D:3      | Reached skill level 3 in Poison Magic
  2610 | D:3      | Found an iron altar of Okawaru.
  2615 | D:3      | Reached skill level 5 in Unarmed Combat
  3276 | D:3      | Reached XP level 6. HP: 51/51 MP: 9/9
  3284 | D:3      | Found a deep blue altar of Sif Muna.
  3395 | D:3      | HP: 2/51 [poisoned by an orc]
  3873 | D:3      | Noticed an orc warrior
  4217 | D:3      | Killed an orc warrior
  4217 | D:3      | Reached skill level 2 in Fighting
  4217 | D:3      | Reached skill level 2 in Dodging
  4217 | D:3      | Reached XP level 7. HP: 22/60 MP: 10/10
  4508 | D:4      | Found a snail-covered altar of Cheibriados.
  4514 | D:4      | Became a worshipper of Cheibriados the Contemplative
  4654 | D:4      | Found a glowing golden altar of the Shining One.
  4667 | D:4      | Reached skill level 6 in Unarmed Combat
  4808 | D:4      | Reached skill level 3 in Fighting
  4830 | D:4      | Reached * piety under Cheibriados
  4843 | D:4      | Noticed Eustachio
  4844 | D:4      | Found a glowing silver altar of Zin.
  4856 | D:4      | Noticed Natasha
  4865 | D:4      | Killed Eustachio
  4865 | D:4      | Reached skill level 3 in Dodging
  4868 | D:4      | Killed Natasha
  5072 | D:4      | Noticed Natasha
  5080 | D:4      | Killed Natasha
  5080 | D:4      | Reached XP level 8. HP: 60/69 MP: 9/11
  5111 | D:4      | Noticed Natasha
  5116 | D:4      | Killed Natasha
  5152 | D:4      | Reached skill level 7 in Unarmed Combat
  5431 | D:5      | Entered Level 5 of the Dungeon
  5434 | D:5      | Noticed Sigmund
  5441 | D:5      | Killed Sigmund
  5441 | D:5      | Reached skill level 4 in Fighting
  5441 | D:5      | Reached skill level 1 in Invocations
  5622 | D:5      | Found a shadowy altar of Dithmenos.
  5671 | D:5      | Noticed Edmund
  5688 | D:5      | Killed Edmund
  5688 | D:5      | Reached skill level 2 in Invocations
  5712 | D:5      | Noticed Grinder
  5726 | D:5      | Killed Grinder
  5726 | D:5      | Reached ** piety under Cheibriados
  5726 | D:5      | Reached skill level 8 in Unarmed Combat
  5756 | D:5      | Reached skill level 4 in Dodging
  5756 | D:5      | Reached XP level 9. HP: 78/79 MP: 10/12
  5769 | D:5      | Learned a level 4 spell: Ice Form
  5876 | D:5      | Noticed Crazy Yiuf
  5881 | D:5      | Killed Crazy Yiuf
  5945 | D:5      | Reached skill level 3 in Invocations
  5998 | D:5      | Reached skill level 5 in Fighting
  6614 | D:6      | Reached skill level 9 in Unarmed Combat
  6618 | D:6      | Reached *** piety under Cheibriados
  6648 | D:6      | Reached skill level 4 in Invocations
  6671 | D:6      | Found a white marble altar of Elyvilon.
  6679 | D:6      | Identified the Handbook of Evil
  6854 | D:7      | Found a staircase to the Ecumenical Temple.
  6866 | D:7      | Identified a +2 rod of inaccuracy (13/13) (You found it on level 7 of the Dungeon)
  6980 | D:7      | Reached **** piety under Cheibriados
  6980 | D:7      | Reached skill level 5 in Dodging
  7008 | D:7      | Reached skill level 6 in Fighting
  7060 | D:7      | Found Olohamno's General Store.
  7065 | D:7      | Bought a scroll of random uselessness for 14 gold pieces
  7086 | D:7      | Reached XP level 10. HP: 82/91 MP: 11/13
  7114 | D:7      | Found a sparkling altar of Nemelex Xobeh.
  7366 | D:7      | Reached skill level 5 in Invocations
  7535 | D:7      | Reached skill level 10 in Unarmed Combat
  7775 | D:8      | Noticed tstbtto's ghost (novice CeBe)
  7930 | D:8      | Noticed Grum
  7947 | D:8      | Reached ***** piety under Cheibriados
  7952 | D:8      | Killed Grum
  8345 | D:9      | Found Eceivix's Weapon Shop.
  8353 | D:9      | Found a staircase to the Orcish Mines.
  8353 | D:9      | Found Owuif's Armour Shop.
  8398 | D:9      | Noticed a death knight
  8400 | D:9      | Noticed a skeletal warrior
  8559 | D:9      | Reached skill level 6 in Invocations
  8611 | D:9      | Noticed a skeletal warrior
  8614 | D:9      | Noticed Joseph
  8620 | D:9      | Killed Joseph
  8620 | D:9      | Reached skill level 7 in Fighting
  8620 | D:9      | Reached skill level 6 in Dodging
  8809 | D:9      | Found a roughly hewn altar of Beogh.
  8822 | D:9      | Reached skill level 11 in Unarmed Combat
  9340 | D:9      | Reached XP level 11. HP: 100/100 MP: 15/15
  9347 | D:10     | Entered Level 10 of the Dungeon
  9351 | D:10     | Reached ****** piety under Cheibriados
  9463 | D:10     | Reached skill level 7 in Invocations
 10102 | D:10     | Found a staircase to the Lair.
 10366 | Lair:1   | Entered Level 1 of the Lair of Beasts
 10443 | Lair:1   | Reached skill level 4 in Transmutations
 10443 | Lair:1   | Reached skill level 1 in Ice Magic
 10457 | Lair:1   | Reached skill level 8 in Fighting
 10658 | Lair:1   | Reached skill level 12 in Unarmed Combat
 10874 | Lair:1   | Reached skill level 8 in Invocations
 11226 | Lair:2   | Found a frozen archway.
 11254 | IceCv    | Entered an ice cave
 11263 | IceCv    | Reached skill level 2 in Ice Magic
 11263 | IceCv    | Reached XP level 12. HP: 107/111 MP: 16/18
 11303 | IceCv    | Reached skill level 5 in Transmutations
 11554 | IceCv    | Reached skill level 7 in Dodging
 11566 | IceCv    | Reached skill level 3 in Spellcasting
 11574 | IceCv    | Reached skill level 3 in Ice Magic
 11731 | IceCv    | Noticed a death yak
 11731 | IceCv    | Noticed a death yak
 11733 | IceCv    | Killed a death yak
 11738 | IceCv    | Killed a death yak
 11738 | IceCv    | Reached skill level 6 in Transmutations
 11790 | IceCv    | Noticed a frost giant
 11806 | IceCv    | Killed a frost giant
 12008 | Lair:1   | Learned a level 5 spell: Blade Hands
 12164 | Lair:2   | Reached skill level 9 in Fighting
 12172 | Lair:2   | Reached skill level 7 in Transmutations
 12429 | Lair:2   | Reached skill level 9 in Invocations
 12435 | Lair:2   | Gained mutation: You can use your snake-like lower body to constrict enemies. [Naga growth]
 12435 | Lair:2   | Reached XP level 13. HP: 119/121 MP: 19/19
 12870 | Lair:3   | Reached skill level 13 in Unarmed Combat
 13364 | Lair:3   | Found a staircase to the Shoals.
 13381 | Lair:3   | Reached skill level 8 in Transmutations
 13521 | Lair:3   | Reached skill level 8 in Dodging
 13802 | Lair:4   | Noticed tstbtto's ghost (journeyman CeBe)
 13808 | Lair:4   | Killed tstbtto's ghost
 13858 | Lair:4   | Found a dark tunnel.
 13903 | Volcano  | Entered a volcano
 14204 | Lair:4   | Got a dazzling ring mail
 14232 | Lair:4   | Found a hole to the Spider Nest.
 14255 | Lair:3   | Identified the +3 ring mail of Immorality {rC++ Str-2 Int+5} (You found it on level 4 of the Lair of Beasts)
 14293 | Lair:4   | Noticed Josephine
 14459 | Lair:4   | Found a runed door.
 14755 | Lair:4   | Killed Josephine
 14755 | Lair:4   | Reached skill level 10 in Fighting
 14755 | Lair:4   | Reached skill level 10 in Invocations
 14759 | Lair:4   | Reached skill level 14 in Unarmed Combat
 14806 | Lair:4   | Reached XP level 14. HP: 64/132 MP: 15/21
 15261 | Lair:5   | Noticed Nessos
 15263 | Lair:5   | Killed Nessos
 15291 | Lair:5   | Reached skill level 9 in Dodging
 15320 | Lair:5   | Found a labyrinth entrance.
 15326 | Lab      | Entered a labyrinth
 15659 | Lab      | Identified a +8 rod of ignition (10/10) (You found it in a labyrinth)
 15677 | Lab      | Got a crude lajatang
 15679 | Lab      | Identified a +6 rod of clouds (13/13) (You found it in a labyrinth)
 16406 | Lair:6   | Entered Level 6 of the Lair of Beasts
 16410 | Lair:6   | Reached skill level 11 in Invocations
 16428 | Lair:6   | Reached skill level 15 in Unarmed Combat
 16456 | Lair:6   | Reached skill level 11 in Fighting
 16608 | Lair:6   | Identified a scroll of acquirement
 16651 | Lair:6   | Noticed an acid blob
 16704 | Lair:6   | Reached XP level 15. HP: 142/142 MP: 23/23
 16719 | Lair:6   | Killed an acid blob
 16755 | Lair:6   | Noticed an azure jelly
 16762 | Lair:6   | Killed an azure jelly
 17210 | Lair:6   | Reached skill level 9 in Transmutations
 17306 | Lair:6   | Noticed Rupert
 17316 | Lair:6   | Killed Rupert
 17402 | Lair:6   | Reached skill level 16 in Unarmed Combat
 17459 | Lair:6   | Found a staircase to the Slime Pits.
 17538 | Lair:6   | Reached skill level 10 in Dodging
 17539 | Lair:6   | Reached skill level 12 in Invocations
 17611 | Lair:6   | Learned a level 2 spell: Repel Missiles
 17954 | Orc:1    | Entered Level 1 of the Orcish Mines
 18009 | Orc:1    | Noticed Maurice
 18017 | Orc:1    | Killed Maurice
 18025 | Orc:1    | Found a roughly hewn altar of Beogh.
 18435 | Orc:1    | Reached skill level 1 in Armour
 18645 | Orc:2    | Entered Level 2 of the Orcish Mines
 18645 | Orc:2    | Found a staircase to the Elven Halls.
 18812 | Orc:2    | Noticed an orc warlord
 18822 | Orc:1    | Reached skill level 12 in Fighting
 18849 | Orc:2    | Reached XP level 16. HP: 151/151 MP: 13/25
 19155 | Orc:2    | Found Fyucecasch's General Store.
 19156 | Orc:2    | Found Vikhlas's Book Emporium.
 19157 | Orc:2    | Found Suana's Antique Armour Shoppe.
 19157 | Orc:2    | Found Erisacha's Antique Weapon Shoppe.
 19171 | Orc:2    | Bought a scroll of noise for 15 gold pieces
 19373 | Orc:2    | Found a shimmering altar of Xom.
 19374 | Orc:2    | Found Jeipt's Distillery.
 19381 | Orc:2    | Bought a potion of heal wounds for 60 gold pieces
 19381 | Orc:2    | Bought a potion of heal wounds for 60 gold pieces
 19381 | Orc:2    | Bought a potion of curing for 36 gold pieces
 19381 | Orc:2    | Bought a potion of curing for 36 gold pieces
 19381 | Orc:2    | Bought a potion of curing for 36 gold pieces
 19381 | Orc:2    | Bought a potion of curing for 36 gold pieces
 19381 | Orc:2    | Bought a potion of agility for 48 gold pieces
 19381 | Orc:2    | Bought a potion of might for 48 gold pieces
 19381 | Orc:2    | Bought a potion of agility for 48 gold pieces
 19381 | Orc:2    | Bought a potion of cancellation for 96 gold pieces
 19381 | Orc:2    | Bought 2 potions of agility for 96 gold pieces
 19406 | Orc:2    | Reached skill level 2 in Armour
 19681 | Orc:2    | Bought a scroll of teleportation for 45 gold pieces
 19681 | Orc:2    | Bought a scroll of magic mapping for 52 gold pieces
 19681 | Orc:2    | Bought a scroll of magic mapping for 52 gold pieces
 19681 | Orc:2    | Bought a scroll of acquirement for 780 gold pieces
 19703 | Orc:2    | Bought a smoking plate armour for 868 gold pieces
 19717 | Orc:2    | Identified the +7 plate armour "Xuaqed" {Int+4} (You bought it in a shop on level 2 of the Orcish Mines)
 20072 | D:8      | Found an oddly glowing altar of Pakellas.
 20224 | D:8      | Noticed Psyche
 20227 | D:8      | Killed Psyche
 20229 | D:8      | Killed tstbtto's ghost
 20538 | D:9      | Reached skill level 10 in Transmutations
 20709 | D:11     | Got a wavering ivory amulet
 20727 | D:11     | Identified the amulet "Leenliva" {Gourm Int+4 Dex+2 SInv} (You took it off a centaur on level 11 of the Dungeon)
 21244 | D:11     | Reached skill level 3 in Armour
 22366 | D:13     | Found a glowing golden altar of the Shining One.
 22408 | D:13     | Noticed Maud
 22415 | D:13     | Killed Maud
 22451 | D:13     | Reached skill level 1 in Throwing
 22454 | D:13     | Reached skill level 17 in Unarmed Combat
 23003 | D:13     | Reached skill level 2 in Throwing
 23045 | D:13     | Got a fine bronze amulet
 23072 | D:13     | Found a gate to the Vaults.
 23290 | D:14     | Reached skill level 4 in Armour
 23388 | D:14     | Noticed Sonja
 23390 | D:14     | Noticed Sonja
 23390 | D:14     | Sonja changed into Sonja the shapeshifter
 23394 | D:14     | Noticed Sonja
 23397 | D:14     | Killed Sonja the yaktaur
 23430 | D:14     | Reached XP level 17. HP: 161/161 MP: 26/26
 23556 | D:14     | Noticed Louise
 23562 | D:14     | Killed Louise
 23930 | D:15     | Entered Level 15 of the Dungeon
 23934 | D:15     | Reached skill level 3 in Throwing
 24193 | D:15     | Found a staircase to the Depths.
 24219 | D:15     | Reached skill level 11 in Dodging
 25194 | D:15     | Reached skill level 13 in Fighting
 25491 | Spider:1 | Entered Level 1 of the Spider Nest
 25597 | Spider:1 | Reached skill level 4 in Throwing
 25622 | Spider:1 | Reached skill level 13 in Invocations
 25821 | Spider:1 | Reached skill level 5 in Armour
 25823 | Spider:1 | Reached skill level 1 in Air Magic
 26060 | Spider:1 | Reached skill level 1 in Charms
 26348 | Spider:1 | Reached skill level 18 in Unarmed Combat
 26348 | Spider:1 | Reached skill level 2 in Air Magic
 26411 | Spider:2 | Noticed Arachne
 26422 | Spider:2 | Killed Arachne
 26422 | Spider:2 | Reached skill level 2 in Charms
 26470 | Spider:2 | Identified the amulet "Maroacex" {Reflect +Inv rC+ SH+3} (You took it off a deep elf archer on level 13 of the Dungeon)
 26618 | Spider:2 | Reached XP level 18. HP: 171/171 MP: 27/27
 26688 | Spider:2 | Reached skill level 1 in Evocations
 26758 | Spider:2 | Reached skill level 5 in Throwing
 27021 | Spider:2 | Noticed Roxanne
 27035 | Spider:2 | Killed Roxanne
 27035 | Spider:2 | Reached skill level 3 in Charms
 27040 | Spider:2 | Identified Roxanne's Disquisition on Clay (You took it off Roxanne on level 2 of the Spider Nest)
 27043 | Spider:2 | Learned a level 1 spell: Sandblast
 27046 | Spider:2 | Learned a level 2 spell: Passwall
 27073 | Spider:2 | Reached skill level 2 in Evocations
 27587 | Spider:3 | Noticed Nikola
 27601 | Spider:3 | Reached skill level 3 in Air Magic
 27630 | Spider:3 | Reached skill level 1 in Stealth
 27724 | Spider:3 | Reached skill level 2 in Stealth
 27763 | Spider:3 | Reached skill level 3 in Evocations
 27896 | Spider:2 | Reached skill level 3 in Stealth
 28139 | Spider:3 | Killed Nikola
 28142 | Spider:3 | Reached skill level 4 in Stealth
 28326 | Spider:3 | Reached skill level 4 in Evocations
 28603 | Spider:4 | Entered Level 4 of the Spider Nest
 28605 | Spider:4 | Reached skill level 5 in Stealth
 28606 | Spider:4 | Reached skill level 6 in Throwing
 28724 | Spider:4 | Reached skill level 5 in Evocations
 28821 | Spider:4 | Noticed tstbtto's ghost (adept CeBe)
 28828 | Spider:4 | Killed tstbtto's ghost
 28830 | Spider:4 | Reached skill level 6 in Stealth
 29042 | Spider:4 | Reached skill level 6 in Evocations
 29104 | Spider:4 | Reached skill level 7 in Stealth
 29439 | Spider:4 | Reached skill level 14 in Fighting
 29439 | Spider:4 | Reached skill level 8 in Stealth
 29455 | Spider:4 | Reached XP level 19. HP: 173/182 MP: 3/28
 29521 | Spider:4 | Reached skill level 9 in Stealth
 29569 | Spider:4 | Got a gossamer rune of Zot
 29601 | Spider:4 | Reached skill level 7 in Evocations
 29772 | Spider:4 | Reached skill level 10 in Stealth
 30070 | Shoals:1 | Entered Level 1 of the Shoals
 30227 | Shoals:1 | Reached skill level 7 in Throwing
 30350 | Shoals:1 | Reached skill level 11 in Stealth
 30563 | Shoals:1 | Reached skill level 8 in Evocations
 30705 | Shoals:1 | Reached skill level 1 in Shields
 31416 | Shoals:2 | Found Qareto's Antique Weapon Boutique.
 31452 | Shoals:2 | Noticed Polyphemus
 31452 | Shoals:2 | Got a brightly glowing robe
 31466 | Shoals:2 | Killed Polyphemus
 31489 | Shoals:1 | Identified the +1 robe "Ipyshrure" {+Fly rPois MR+ Stlth+} (You found it on level 2 of the Shoals)
 31500 | Shoals:1 | Reached skill level 12 in Stealth
 31838 | Shoals:3 | Reached skill level 2 in Shields
 32132 | Shoals:3 | Reached skill level 9 in Evocations
 32522 | Shoals:4 | Entered Level 4 of the Shoals
 32537 | Shoals:4 | Reached skill level 13 in Stealth
 32740 | Shoals:4 | Reached XP level 20. HP: 152/192 MP: 23/29
 32971 | Shoals:4 | Noticed Donald
 32980 | Shoals:4 | Killed Donald
 32984 | Shoals:4 | Noticed Ilsuiw
 32986 | Shoals:4 | Reached skill level 3 in Shields
 32987 | Shoals:4 | Killed Ilsuiw
 33153 | Shoals:4 | Reached skill level 10 in Evocations
 33176 | Shoals:4 | Reached skill level 8 in Throwing
 33178 | Shoals:4 | Reached skill level 14 in Stealth
 33304 | Shoals:4 | Learned a level 1 spell: Summon Butterflies
 33535 | Shoals:4 | Got a barnacled rune of Zot
 33838 | Shoals:4 | Reached skill level 15 in Stealth
 33838 | Shoals:4 | Reached skill level 4 in Shields
 33939 | Shoals:4 | Got a heavily runed amber ring
 33941 | Shoals:4 | Identified the ring "Opagh" {+Fly MR++ Int-5 SInv Stlth+} (You found it on level 4 of the Shoals)
 34019 | Shoals:3 | Reached skill level 6 in Armour
 34308 | Elf:1    | Entered Level 1 of the Elven Halls
 34437 | Elf:1    | Reached skill level 15 in Fighting
 34530 | Elf:1    | Found Meugiac's Weapon Boutique.
 34587 | Elf:1    | Found Puoshroot's Book Shoppe.
 35582 | Elf:2    | Reached XP level 21. HP: 201/201 MP: 27/30
 35771 | Elf:2    | Found a huge runed gate.
 35771 | Elf:2    | Found a huge runed gate.
 35771 | Elf:2    | Found a huge runed gate.
 35771 | Elf:2    | Found a huge runed gate.
 35771 | Elf:2    | Found a huge runed gate.
 35925 | Elf:2    | Reached skill level 5 in Shields
 35985 | Elf:2    | Found a portal to a secret trove of treasure.
 36414 | Elf:3    | Entered Level 3 of the Elven Halls
 36645 | Elf:3    | Reached skill level 7 in Armour
 36984 | Elf:3    | Reached skill level 12 in Dodging
 36988 | Elf:3    | mopl: seems like a very bad move...
 36989 | Elf:3    | Killed from afar by a deep elf death mage

Vault maps used:
D:1:      minmay_arrival_semitransparent, patterned_corridor
D:2:      lemuel_coloured_pillars_altar, old_standard_altar,
          grunt_temple_overflow_cloverleaf, first_bread, uniq_iyjb
D:3:      kennysheep_okawaru_gauntlet, tgw_sif, minmay_misc_feat_more_columns,
          nrook_uturn
D:4:      lemuel_crystal_altar, lemuel_round_altar, marbit_many_paths,
          uniq_natasha, uniq_eustachio
D:5:      kennysheep_six_static_rooms, nicolae_dithmenos_shadow_blocks,
          uniq_edmund, uniq_sigmund, uniq_grinder, uniq_crazy_yiuf_cottage
D:6:      elyvilon_altar_5
D:7:      lemuel_doored_altar, temple_statues, serial_shops,
          kennysheep_little_box
D:8:      nicolae_whirlpool, kennysheep_mini, the_bakery,
          lightli_corner_chamber, uniq_grum, uniq_psyche
D:9:      orc_david_3, david_defended_altar_orc, uniq_joseph
D:10:     minmay_lair_entry_lava, minmay_misc_feat_ornament
D:11:     kennysheep_just_a_vault, uniq_erica
D:13:     david_vaults_5, tso_metal_star, uniq_maud
D:14:     minmay_splitting_lines, uniq_louise, uniq_sonja
D:15:     gammafunk_depths_entry_grave, minmay_misc_feat_x, special_room
Lair:1:   grunt_megastairs_2, infiniplex_staircase_pool
Lair:2:   portal_ice_cave_entry_pillars_1
Lair:3:   minmay_shoals_entry_beasts, grunt_megastairs_3, lemuel_fruit_fields,
          infiniplex_staircase_pool_2
Lair:4:   dummy_spider_entry, nicolae_volcano_entry_batcave, pf_torpor_hydra,
          uniq_josephine
Lair:5:   lab_entry_generic, nicolae_quartered_pool_medium, uniq_nessos
Lair:6:   minmay_lair_end_enchanted_forest, minmay_slime_entry_oklob_open,
          special_room, uniq_rupert
Shoals:2: serial_shops, nicolae_shop_stone, uniq_polyphemus
Shoals:4: shoals_end_hangedman, shoal_ilsuiw, uniq_donald
Spider:2: hangedman_spider_tarantella_strand, uniq_arachne, uniq_roxanne
Spider:3: uniq_nikola
Spider:4: johnstein_spider_rune_arachne_lair, spider_trap
Orc:1:    basic_altar, nicolae_orc_damp_corner, uniq_maurice
Orc:2:    st_orc_congregation, serial_shops, shop_fountains, basic_altar
Elf:1:    elf_arrival_001, serial_shops, shop, shop,
          kennysheep_underground_church
Elf:2:    enter_trove_6, basic_loot_grate_trap, spider_trap
Elf:3:    minmay_elf_hall_spiked, nooodl_food_tri, hangedman_decor_cross_pass,
          basic_stair_grate_trap
Lab:      labyrinth_hidden_loot, labyrinth_skeletal_remains, lab_fountain
IceCv:    ice_cave_caverns_02
Volcano:  volcano_overflow

Skill      XL: |  1  2  3  4  5  6  7  8  9 10 11 12 13 14 15 16 17 18 19 20 21 |
---------------+----------------------------------------------------------------+-----
Unarmed Combat | 4 5 6 8 9 11 12 14 15 16 17 18 | 18.5
Poison Magic   | 1 2 3 |  3.0
Transmutations | 3 4 7 8 9 10 | 10.5
Fighting       | 2 3 4 6 7 8 9 10 11 12 13 14 15 | 15.5
Dodging        | 2 3 4 5 6 7 8 9 10 11 12 | 12.0
Invocations    | 2 4 6 8 9 10 11 12 13 | 13.0
Ice Magic      | 2 3 |  3.0
Spellcasting   | 3 |  3.0
Armour         | 1 4 5 6 7 |  7.3
Throwing       | 2 4 6 7 8 |  8.8
Air Magic      | 2 3 |  3.0
Charms         | 2 3 |  3.0
Evocations     | 6 9 10 | 10.0
Stealth        | 8 13 15 | 15.0
Shields        | 2 4 5 |  5.7

Action                   |  1- 3 |  4- 6 |  7- 9 | 10-12 | 13-15 | 16-18 | 19-21 || total
-------------------------+-------+-------+-------+-------+-------+-------+-------++-------
Melee: Unarmed           |    20 |    67 |   365 |   665 |   853 |  1226 |  1004 ||  4200
       Headbutt          |     5 |       |       |       |       |       |       ||     5
       Spear             |    85 |   142 |     6 |       |       |       |       ||   233
       Punch             |       |     2 |    10 |    28 |    92 |   199 |    61 ||   392
       Constrict         |       |       |       |       |   134 |   280 |   210 ||   624
Throw: Tomahawk          |     1 |     1 |       |       |     1 |    33 |       ||    36
       Javelin           |       |       |       |       |       |       |    13 ||    13
 Cast: Beastly Appendage |     6 |     1 |       |       |       |       |       ||     7
       Spider Form       |       |     8 |    25 |    22 |     8 |       |       ||    63
       Ice Form          |       |       |       |     9 |    12 |     5 |       ||    26
       Blade Hands       |       |       |       |       |    15 |    43 |    35 ||    93
       Sticks to Snakes  |       |       |       |       |     5 |       |     1 ||     6
       Repel Missiles    |       |       |       |       |     1 |    12 |     9 ||    22
       Passwall          |       |       |       |       |       |       |     2 ||     2
Invok: Temporal Distorti |       |       |       |     2 |     2 |     7 |     6 ||    17
       Slouch            |       |       |       |     4 |    14 |    14 |    11 ||    43
 Abil: Spit Poison       |    22 |    15 |     6 |     5 |     3 |    35 |     2 ||    88
       End Transformatio |       |     1 |     1 |     5 |    11 |     7 |     1 ||    26
       Stop Flying       |       |       |       |       |       |       |     5 ||     5
       Evoke Flight      |       |       |       |       |       |       |     5 ||     5
       Evoke Invisibilit |       |       |       |       |       |       |     4 ||     4
Evoke: Wand              |       |       |     3 |     1 |     1 |     1 |       ||     6
  Use: Scroll            |       |     3 |     6 |    15 |    11 |     9 |     4 ||    48
       Potion            |       |     2 |       |     3 |       |     3 |     2 ||    10
 Stab: Sleeping          |       |     2 |     2 |     9 |     2 |     4 |    23 ||    42
       Distracted        |       |       |       |       |     2 |     1 |     3 ||     6
       Invisible         |       |       |       |       |       |       |    17 ||    17
  Eat: Chunk             |     2 |     9 |    10 |    18 |    23 |    70 |    15 ||   147
       Beef jerky        |       |       |       |       |     2 |     1 |     1 ||     4
       Fruit             |       |       |       |       |       |     1 |       ||     1
       Meat ration       |       |       |       |       |       |       |     2 ||     2
       Pizza             |       |       |       |       |       |       |     2 ||     2
Armor: Robe              |    30 |    30 |    14 |       |       |       |     5 ||    79
       Skin              |       |     4 |    13 |    44 |    38 |     9 |       ||   108
       Leather armour    |       |       |    60 |   143 |    16 |       |       ||   219
       Troll leather arm |       |       |       |    12 |   190 |   326 |   319 ||   847
       Fire dragon armou |       |       |       |       |       |   338 |    98 ||   436
Dodge: Dodged            |    64 |   120 |   251 |   673 |   731 |  1204 |   692 ||  3735
       Deflected         |       |       |       |       |     1 |    27 |    42 ||    70
Block: Buckler           |       |       |       |       |       |       |   137 ||   137
       Reflection        |       |       |       |       |       |       |    71 ||    71
       Other             |       |       |       |       |       |       |    39 ||    39
       Shield            |       |       |       |       |       |       |   181 ||   181
